 Dungeon Crawl Stone Soup version 0.31.0-11-ge490571c62 (webtiles) character file.

Game seed: 2914764601587303270

21 Maffolandro the Gusty (level 2, 21/21 HPs)
             Began as a Human Wanderer on Jan 28, 2024.
             Was a Follower of Trog.
             Got out of the dungeon alive.
             The game lasted 00:05:56 (682 turns).

Maffolandro the Gusty (Human Wanderer)               Turns: 682, Time: 00:05:57

Health: 21/21      AC:  3    Str: 12    XL:     2   Next: 87%
Magic:  3/3        EV: 16    Int: 12    God:    Trog [*.....]
Gold:   45         SH:  0    Dex: 12    Spells: 2/3 levels left

rFire   . . .        a - +0 sling
rCold   . . .        (no shield)
rNeg    . . .        d - +0 robe
rPois   .            (no helmet)
rElec   .            f - +0 cloak
rCorr   .            (no gloves)
SInv    .            (no boots)
Will    .....        (no amulet)
Stlth   +            i - +5 ring of evasion
HPRegen 0.23/turn    (no ring)
MPRegen 0.08/turn

%: no passive effects
@: no status effects
A: explore regen
a: Renounce Religion, Berserk


You escaped.
You worshipped Trog.
Trog was aware of your devotion.
You visited 1 branch of the dungeon, and saw 1 of its levels.

You collected 45 gold pieces.

Inventory:

Hand Weapons
 a - a +0 sling (weapon)
Armour
 d - a +0 robe (worn)
 f - a +0 cloak (worn)
Jewellery
 i - a +5 ring of evasion (left hand)
Wands
 b - a wand of polymorph (4)
Scrolls
 g - 2 scrolls of amnesia {unknown}
Potions
 c - a potion of lignification
 e - a potion of curing {unknown}
 h - a potion of might {unknown}


   Skills:
 + Level 1.1 Fighting
 * Level 3.7 Ranged Weapons
 - Level 1.0 Armour
 - Level 1.0 Spellcasting
 - Level 4.0 Air Magic
 - Level 1.0 Evocations


You had 2 spell levels left.
You knew the following spells:

 Your Spells              Type           Power      Damage    Failure   Level
a - Shock                 Conj/Air       20%        1d4       13%         1

Your spell library contained the following spells:

 Spells                   Type           Power      Damage    Failure   Level
 Mephitic Cloud           Conj/Alch/Air  3%         N/A       47%         3
 Vhi's Electric Charge    Tloc/Air       10%        N/A       78%         4


Dungeon Overview and Level Annotations

Branches:
Dungeon (1/15)

Altars:
Trog

Shops:
D:1 (


Innate Abilities, Weirdness & Mutations

You regain HP and MP as you explore.


Message History

You see here a +0 club.
As you open the door, it creaks loudly!
A quokka comes into view.
Found a faded altar of an unknown god.
You shoot a sling bullet. The sling bullet misses the quokka.
You shoot a sling bullet. The sling bullet hits the quokka.
You kill the quokka!
No target in view!
There is an open door here.
There is a faded altar of an unknown god here.
As you open the door, it creaks loudly!
There is a faded altar of an unknown god here.
This altar belongs to (a) Ignis, (b) Fedhas or (c) Trog, but you can't tell which.
Press the corresponding letter to learn more about a god, or press enter to convert or escape to cancel.
Trog accepts your prayer! Trog welcomes you!
You can now go berserk at will.
Unknown command.
Press < or > to pray at altars.
There is an open door here.
You open the door.
Found Gatuwk's Weapon Emporium.
There is an open door here.
There is an entrance to Gatuwk's Weapon Emporium here.
You open the door.
There is an open door here.
There is a stone staircase leading down here.
You shoot a sling bullet. The sling bullet hits the ball python.
You kill the ball python!
Trog accepts your kill.
No target in view!
You enter the shallow water.
Moving in this stuff is going to be slow.
Done exploring.
Done exploring.
There is a stone staircase leading down here.
You can't go up here!
Unknown command.
You see here a +0 whip.
There is a staircase leading out of the dungeon here.
You have escaped!

#..[...........#....(.8.8
###............#........#'#
#######.........#.............#.#
#.>.....#.#....#.#....#.#...###.#
#.###.#....#..##.##..#......#8...
#.# #......#..#...#..#......#.._.
#.# ###.#..#..#...#..#..#...#8...
#.# #..###......)..###....###.#
..# ##......#.@.#......##...#.#
.## ###....#...#....#......#'# .#
##....###.....#......8.8 .#
#.....#......#......... .#######
##......................
..##...###..##.....##...#########
#..#.......###.....###.##########
##.....##..##.#...#.##........#.)
###...#....###...###............


There were no monsters in sight!

Vanquished Creatures
  A dart slug (D:1)
  3 ball pythons (D:1)
  An endoplasm (D:1)
  2 giant cockroaches (D:1)
  A goblin (D:1)
  3 hobgoblins (D:1)
  A kobold (D:1)
  A quokka (D:1)
  2 bats (D:1)
  2 frilled lizards (D:1)
17 creatures vanquished.

Notes
Turn   | Place    | Note
-------+----------+-------------------------------------------
     0 | D:1      | Maffolandro the Human Wanderer began the quest for the Orb.
     0 | D:1      | Maffolandro set off with the following items: a +0 sling, a
                  | wand of polymorph (4), a potion of lignification, a +0
                  | robe; and the following spell memorised: Shock; and the
                  | following spells available to memorise: Mephitic Cloud,
                  | Vhi's Electric Charge.
     0 | D:1      | Reached XP level 1. HP: 13/13 MP: 2/2
   146 | D:1      | Reached XP level 2. HP: 20/20 MP: 3/3
   181 | D:1      | Reached skill level 1 in Fighting
   530 | D:1      | Found a faded altar of an unknown god.
   545 | D:1      | Prayed at the altar of an unknown god.
   545 | D:1      | Became a worshipper of Trog the Wrathful
   545 | D:1      | Reached * piety under Trog
   555 | D:1      | Found Gatuwk's Weapon Emporium.
   682 | D:$      | Got out of the dungeon alive.

Illustrated notes

Levels and vault maps discovered:
D:1:      erik_arrival_blinker_ship, layout_rooms,
          dreamdust_ecumenical_altar_angels_and_demons, serial_shops,
          nicolae_shop_tiny_real_fake_doors, minivault_14,
          chequers_serial_rivers_small_3

Skill      XL: |  1  2 |
---------------+-------+-----
Fighting       | 1 |  1.1
Ranged Weapons | |  3.7
Armour         | |  1.0
Spellcasting   | |  1.0
Air Magic      | |  4.0
Evocations     | |  1.0

Action                     || total
---------------------------++-------
   Fire: Sling             ||    48
   Cast: Shock             ||     7
 Armour: Robe              ||    12
  Dodge: Dodged            ||    12
